 Dungeon Crawl Stone Soup version 0.29.0-4-gdea44cf6ec (webtiles) character file.

Game seed: 11253507289324864454

9289 qw the Cleaver (level 11, 0/71 HPs)
             Began as a Gargoyle Berserker on Sept 5, 2022.
             Was an Elder of Trog.
             Slain by a wight
             ... wielding a +3 halberd
              (7 damage)
             ... on level 8 of the Dungeon.
             The game lasted 00:03:18 (9526 turns).

qw the Cleaver (Gargoyle Berserker)                 Turns: 9526, Time: 00:03:18

Health: 0/71       AC: 25    Str: 30    XL:     11   Next: 44%
Magic:  0/11       EV:  9    Int:  9    God:    Trog [****..]
Gold:   320        SH:  5    Dex:  9    Spells: 10/10 levels left

rFire   + . .      SeeInvis .   Y - +3 war axe (drain)
rCold   + + .      Faith    .   h - +0 buckler
rNeg    + . .      Spirit   +   n - +2 chain mail {Will+}
rPois   inf        Reflect  .   (no helmet)
rElec   +          Harm     .   b - scarf {rC+ rF+}
rCorr   .          Rampage  .   i - +2 pair of gloves
Will    +....                   a - +0 pair of boots
Stlth   ..........              e - amulet of guardian spirit
HPRegen 0.21/turn               m - +6 ring of strength
MPRegen 0.12/turn               f - ring of protection from cold

@: about to teleport, on berserk cooldown
A: sickness immunity, AC +8, negative energy resistance 1, electricity
resistance, torment resistance 1, petrification resistance
a: Renounce Religion, Berserk, Trog's Hand, Brothers in Arms


You were on level 8 of the Dungeon.
You worshipped Trog.
Trog was greatly pleased with you.
You visited 1 branch of the dungeon, and saw 8 of its levels.

You collected 443 gold pieces.
You spent 123 gold pieces at shops.


Innate Abilities, Weirdness & Mutations

You are immune to sickness and miasma.
Your stone body is resilient. (AC +8)
You are immune to poison.
You resist negative energy. (rN+)
You are resistant to electric shocks. (rElec)
You are resistant to unholy torment.
You are immune to petrification.


   Skills:
 + Level 9.4 Fighting
 - Level 12.0 Axes
 - Level 1.4 Throwing
 - Level 7.1 Armour
 - Level 2.4 Dodging
 - Level 6.3 Shields


You had 10 spell levels left.
You didn't know any spells.
Your spell library was empty.

Inventory:

Hand Weapons
 k - a +2 flail of draining
 Y - a +3 war axe of draining (weapon)
Missiles
 d - 10 boomerangs (quivered)
Armour
 a - a +0 pair of boots (worn)
 b - a scarf of resistance (worn)
 g - a +0 cloak
 h - a +0 buckler (worn)
 i - a +2 pair of gloves (worn)
 n - a +2 chain mail of willpower (worn)
Jewellery
 e - an amulet of guardian spirit (around neck)
 f - a ring of protection from cold (right hand)
 j - an amulet of magic regeneration
 m - a +6 ring of strength (left hand)
 q - an amulet of reflection
Scrolls
 l - 7 scrolls of identify
 t - a scroll of teleportation
Potions
 c - a potion of mutation
 o - a potion of haste {unknown}
 p - a potion of might
 u - 3 potions of curing

Dungeon Overview and Level Annotations

Branches:
Dungeon (8/15)             Temple (0/1) D:6
   Lair: D:8-11

Altars:
Cheibriados
Fedhas
Vehumet

Shops:
D:2 [   D:4 =   D:5 ?

Annotations:
D:8 Joseph


Message History

The kobold brigand is severely wounded.
You feel yourself speed up. You block the wight's attack.
The kobold brigand hits you but does no damage.
Joseph, a Mercenary comes into view.
He is wielding a +0 quarterstaff and carrying a wand of iceblast (8).
The wight hits you from afar with a +3 halberd!
You closely miss the kobold brigand.
The kobold brigand is severely wounded.
The kobold brigand hits you but does no damage.
The wight hits you from afar with a +3 halberd.
You closely miss the kobold brigand.
The kobold brigand is severely wounded.
The kobold brigand hits you but does no damage.
You slice the kobold brigand!!
You kill the kobold brigand!
Trog accepts your kill. The wight barely misses you.
The orc warrior unwields a +0 long sword.
The orc warrior wields a +0 arbalest.
The orc warrior shoots a bolt.
You block the bolt.
You hit the boulder beetle but do no damage.
You drain the boulder beetle.
The boulder beetle is moderately wounded.
The wight hits you from afar with a +3 halberd!
The orc warrior shoots a bolt.
The bolt barely misses you. The boulder beetle bites you!
9524 ||| READING 2 scrolls of teleportation.
As you read the scroll of teleportation, it crumbles to dust.
You feel strangely unstable.
The wight hits you from afar with a +3 halberd.
The orc warrior shoots a bolt.
The bolt closely misses you.
The boulder beetle bites you but does no damage.
You slash the boulder beetle! You drain the boulder beetle.
The boulder beetle is moderately wounded.
The wight barely misses you.
The orc warrior shoots a bolt.
The bolt closely misses you. You block the boulder beetle's attack.
You hit the boulder beetle but do no damage.
The boulder beetle is moderately wounded.
The wight hits you from afar with a +3 halberd!
You die...

########).).......
.......#).########
#....#.)#
#....#..#
#......)#
######..# ##.# #
#.#7777.#
#.).@)z5#
#.oB777....8.
#..... ##...
#.#7777 . #.# #.#
#.# #.


You could see a boulder beetle (drained), an orc warrior, a wight and a white
imp.

Vanquished Creatures
  A two-headed ogre (D:8)
  A wolf spider zombie (D:7)
  Maurice (D:8)
  6 centaur zombies (D:7)
  Maggie (D:6)
  2 hellwings (D:7)
  Grinder (D:6)
  2 hornets
  A meliai zombie (D:7)
  4 yaks
  A steam dragon (D:7)
  Menkaure (D:6)
  2 black bears
  An orc warrior (D:8)
  3 ice beasts (D:6)
  2 sky beasts (D:8)
  An ogre (D:4)
  3 centaurs
  2 phantoms
  A kobold brigand (D:8)
  2 bullfrogs
  3 necrophages
  3 scorpions
  11 wights
  7 killer bees (D:8)
  A howler monkey (D:8)
  2 jellies (D:5)
  5 hounds
  4 orc priests
  2 gnoll boudas
  Natasha (twice) (D:3)
  10 orc wizards
  3 iguanas
  10 gnolls
  4 adders
  4 shadow imps
  2 white imps
  2 ufetubi (D:6)
  4 worms
  4 dart slugs
  19 orcs
  8 endoplasms
  2 giant cockroaches (D:1)
  6 goblins
  8 hobgoblins
  12 jackals
  8 kobolds
  3 quokkas
  11 ball pythons
  6 bats
  4 frilled lizards
  3 rats (D:1)
212 creatures vanquished.

Vanquished Creatures (others)
  8 plants (D:8)
  A withered plant (D:7)
9 creatures vanquished.

Grand Total: 221 creatures vanquished

Notes
Turn   | Place    | Note
-------+----------+-------------------------------------------
     0 | D:1      | qw the Gargoyle Berserker began the quest for the Orb.
     0 | D:1      | Reached XP level 1. HP: 14/14 MP: 1/1
     0 | D:1      | 0 ||| qw: Version: 0.1-a-104-g96f76f8
     0 | D:1      | 0 ||| qw: Game counter: 5846
     0 | D:1      | 0 ||| qw: Always use a shield: true
     0 | D:1      | 0 ||| qw: Do Orc after D:15 true
     0 | D:1      | 0 ||| qw: Do second Lair branch before Depths: true
     0 | D:1      | 0 ||| qw: Lair rune preference: random
     0 | D:1      | 0 ||| qw: Plans: Normal
     0 | D:1      | 0 ||| PLANNING D:1-11
   104 | D:1      | Found a faded altar of an unknown god.
   105 | D:1      | 105 ||| Stepping ~*~*~tactically~*~*~ (stealth).
   116 | D:1      | Reached skill level 3 in Axes
   119 | D:1      | 119 ||| INVOKING Berserk.
   123 | D:1      | Reached XP level 2. HP: 16/19 MP: 2/2
   286 | D:1      | 286 ||| Stepping ~*~*~tactically~*~*~ (hiding).
   344 | D:1      | 344 ||| Stepping ~*~*~tactically~*~*~ (stealth).
   500 | D:1      | 500 ||| Stepping ~*~*~tactically~*~*~ (stealth).
   502 | D:1      | 502 ||| Stepping ~*~*~tactically~*~*~ (hiding).
   513 | D:1      | Reached XP level 3. HP: 23/23 MP: 3/3
  1069 | D:1      | 1069 ||| Stepping ~*~*~tactically~*~*~ (stealth).
  1075 | D:1      | Reached skill level 4 in Axes
  1167 | D:1      | 1167 ||| UPGRADING to +0 ring mail.
  1177 | D:1      | 1177 ||| DROPPING +0 animal skin.
  1178 | D:1      | 1178 ||| UPGRADING to +0 pair of gloves.
  1183 | D:1      | 1183 ||| UPGRADING to +6 ring of strength.
  1184 | D:1      | 1184 ||| READING scroll labelled QUVENA XUPA.
  1185 | D:1      | 1185 ||| READING scroll labelled WUMUJU DOMEQALL.
  1186 | D:1      | 1186 ||| READING scroll labelled VAFUNUAMIO.
  1187 | D:1      | 1187 ||| READING scroll labelled YRASAO XATEQ.
  1188 | D:1      | 1188 ||| READING 2 scrolls labelled DIFORPHAACA.
  1189 | D:1      | 1189 ||| DRINKING 2 bubbling cyan potions.
  1273 | D:2      | Reached ** piety under Trog
  1276 | D:2      | 1276 ||| Stepping ~*~*~tactically~*~*~ (stealth).
  1277 | D:2      | 1277 ||| Stepping ~*~*~tactically~*~*~ (stealth).
  1278 | D:2      | 1278 ||| DROPPING +0 club.
  1317 | D:2      | Found Ruthunk's Antique Armour Shoppe.
  1329 | D:2      | 1329 ||| SHOPLISTING glowing leather armour (110 gold, have
                  | 66).
  1329 | D:2      | 1329 ||| SHOPLISTING helmet (99 gold, have 66).
  1329 | D:2      | 1329 ||| SHOPLISTING scale mail (88 gold, have 66).
  1826 | D:2      | Reached XP level 4. HP: 22/28 MP: 4/4
  1889 | D:2      | 1889 ||| READING scroll of brand weapon.
  1889 | D:2      | 1889 ||| BRANDING +0 vorpal hand axe.
  1978 | D:2      | 1978 ||| UPGRADING to +0 pair of boots.
  1983 | D:2      | 1983 ||| UPGRADING to +0 chain mail.
  1993 | D:2      | 1993 ||| DROPPING +0 ring mail.
  1994 | D:2      | 1994 ||| UPGRADING to ring of protection from cold.
  1995 | D:2      | 1995 ||| READING scroll labelled PAFYRHE DOSKEY.
  1996 | D:2      | 1996 ||| READING 3 scrolls labelled CAAVI TUOFFEOSEA.
  1997 | D:2      | 1997 ||| READING 2 scrolls of enchant weapon.
  1997 | D:2      | 1997 ||| ENCHANTING +1 hand axe of freezing.
  1998 | D:2      | 1998 ||| READING scroll of enchant weapon.
  1998 | D:2      | 1998 ||| ENCHANTING +2 hand axe of freezing.
  1999 | D:2      | 1999 ||| READING scroll labelled CIONEO COREAX.
  2000 | D:2      | 2000 ||| READING 3 scrolls of identify.
  2000 | D:2      | 2000 ||| IDENTIFYING orange potion
  2001 | D:2      | 2001 ||| READING 2 scrolls of identify.
  2001 | D:2      | 2001 ||| IDENTIFYING fuming emerald potion
  2002 | D:2      | 2002 ||| DROPPING potion of ambrosia.
  2153 | D:3      | 2153 ||| FLEEEEING.
  2154 | D:3      | 2154 ||| FLEEEEING.
  2155 | D:3      | 2155 ||| FLEEEEING.
  2156 | D:3      | 2156 ||| FLEEEEING.
  2160 | D:3      | 2160 ||| FLEEEEING.
  2161 | D:3      | 2161 ||| FLEEEEING.
  2162 | D:3      | 2162 ||| FLEEEEING.
  2163 | D:3      | 2163 ||| FLEEEEING.
  2164 | D:3      | 2164 ||| FLEEEEING.
  2165 | D:3      | 2165 ||| STAIRDANCE
  2305 | D:2      | 2305 ||| READING scroll labelled GOIDDY ESAU.
  2345 | D:3      | Identified the +1 hand axe "Vavvusme" {chaos, rCorr Int-2
                  | Stlth+}
  2346 | D:3      | Noticed Natasha
  2349 | D:3      | 2349 ||| INVOKING Berserk.
  2356 | D:3      | Reached skill level 5 in Axes
  2356 | D:3      | Reached XP level 5. HP: 24/32 MP: 5/5
  2358 | D:3      | Killed Natasha
  2376 | D:3      | 2376 ||| FLEEEEING.
  2377 | D:3      | 2377 ||| FLEEEEING.
  2378 | D:3      | 2378 ||| FLEEEEING.
  2379 | D:3      | 2379 ||| FLEEEEING.
  2380 | D:3      | 2380 ||| FLEEEEING.
  2381 | D:3      | 2381 ||| STAIRDANCE
  2534 | D:3      | 2534 ||| STAIRDANCE
  2536 | D:2      | 2536 ||| INVOKING Berserk.
  2675 | D:3      | 2675 ||| STAIRDANCE
  2683 | D:3      | 2683 ||| STAIRDANCE
  2685 | D:2      | 2685 ||| INVOKING Berserk.
  2772 | D:3      | 2772 ||| DROPPING +0 whip.
  3053 | D:3      | 3053 ||| Stepping ~*~*~tactically~*~*~ (stealth).
  3054 | D:3      | 3054 ||| Stepping ~*~*~tactically~*~*~ (stealth).
  3154 | D:3      | 3154 ||| UPGRADING to +0 buckler.
  3159 | D:3      | 3159 ||| READING scroll labelled TETAUGGI HIVO.
  3260 | D:3      | 3260 ||| READING scroll labelled QOSHRA FAAHE.
  3262 | D:3      | Noticed Natasha
  3266 | D:3      | 3266 ||| INVOKING Berserk.
  3272 | D:3      | Killed Natasha
  3273 | D:3      | Reached skill level 1 in Shields
  3354 | D:4      | 3354 ||| Stepping ~*~*~tactically~*~*~ (stealth).
  3358 | D:4      | 3358 ||| Stepping ~*~*~tactically~*~*~ (stealth).
  3368 | D:4      | Reached XP level 6. HP: 38/38 MP: 6/6
  3377 | D:4      | 3377 ||| Stepping ~*~*~tactically~*~*~ (stealth).
  3391 | D:4      | 3391 ||| Stepping ~*~*~tactically~*~*~ (stealth).
  3396 | D:4      | Reached *** piety under Trog
  3398 | D:4      | 3398 ||| Stepping ~*~*~tactically~*~*~ (stealth).
  3400 | D:4      | 3400 ||| Stepping ~*~*~tactically~*~*~ (stealth).
  3406 | D:4      | 3406 ||| Stepping ~*~*~tactically~*~*~ (stealth).
  3488 | D:4      | 3488 ||| Stepping ~*~*~tactically~*~*~ (stealth).
  3529 | D:4      | Found a radiant altar of Vehumet.
  3768 | D:4      | 3768 ||| Stepping ~*~*~tactically~*~*~ (stealth).
  3773 | D:4      | Reached skill level 6 in Axes
  3773 | D:4      | Reached XP level 7. HP: 43/43 MP: 7/7
  3884 | D:4      | 3884 ||| INVOKING Berserk.
  3887 | D:4      | Reached skill level 3 in Armour
  4031 | D:4      | Found Quogugum's Jewellery Shoppe.
  4036 | D:4      | 4036 ||| SHOPLISTING +4 ring of protection (360 gold, have
                  | 163).
  4036 | D:4      | 4036 ||| SHOPLISTING +6 ring of strength (360 gold, have
                  | 163).
  4036 | D:4      | 4036 ||| SHOPLISTING amulet "Licas" {Acrobat Slay+2} (454
                  | gold, have 163).
  4036 | D:4      | 4036 ||| SHOPLISTING amulet of regeneration (300 gold, have
                  | 163).
  4036 | D:4      | 4036 ||| SHOPLISTING ring of protection from fire (250
                  | gold, have 163).
  4036 | D:4      | 4036 ||| SHOPLISTING ring of resist corrosion (200 gold,
                  | have 163).
  4042 | D:4      | 4042 ||| READING scroll of enchant weapon.
  4042 | D:4      | 4042 ||| ENCHANTING +3 hand axe of freezing.
  4184 | D:4      | 4184 ||| DROPPING ring of magical power.
  4185 | D:4      | 4185 ||| READING scroll labelled GAFRUR SASEDUPP.
  4186 | D:4      | 4186 ||| READING scroll labelled CODOPU WURIHUWK.
  4250 | D:4      | 4250 ||| READING 5 scrolls of identify.
  4250 | D:4      | 4250 ||| IDENTIFYING viscous coppery potion
  4251 | D:4      | 4251 ||| READING 4 scrolls of identify.
  4251 | D:4      | 4251 ||| IDENTIFYING silvery potion
  4262 | D:5      | Entered Level 5 of the Dungeon
  4274 | D:5      | 4274 ||| Stepping ~*~*~tactically~*~*~ (stealth).
  4297 | D:5      | 4297 ||| Stepping ~*~*~tactically~*~*~ (hiding).
  4303 | D:5      | 4303 ||| INVOKING Berserk.
  4308 | D:5      | Reached skill level 1 in Throwing
  4310 | D:5      | Reached skill level 3 in Shields
  4399 | D:5      | 4399 ||| SWAPPING to +2 war axe of draining.
  4400 | D:5      | 4400 ||| DROPPING +4 hand axe of freezing.
  4436 | D:5      | 4436 ||| READING scroll of enchant weapon.
  4436 | D:5      | 4436 ||| ENCHANTING +2 war axe of draining.
  4583 | D:5      | Reached skill level 7 in Axes
  4583 | D:5      | Reached XP level 8. HP: 48/48 MP: 8/8
  4611 | D:5      | Found Kyromic's Magic Scroll Boutique.
  4615 | D:5      | 4615 ||| DRINKING potion of curing.
  4615 | D:5      | 4615 ||| (to cure confusion)
  4619 | D:5      | Reached **** piety under Trog
  4624 | D:5      | 4624 ||| BUYING scroll of enchant armour (97 gold).
  4624 | D:5      | Bought a scroll of enchant armour for 97 gold pieces
  4624 | D:5      | 4624 ||| BUYING scroll of identify (26 gold).
  4624 | D:5      | Bought a scroll of identify for 26 gold pieces
  4624 | D:5      | 4624 ||| READING scroll of enchant armour.
  4624 | D:5      | 4624 ||| ENCHANTING +0 pair of gloves.
  4794 | D:5      | 4794 ||| READING scroll of enchant armour.
  4794 | D:5      | 4794 ||| ENCHANTING +1 pair of gloves.
  5109 | D:5      | 5109 ||| UPGRADING to scarf of resistance.
  5114 | D:5      | 5114 ||| UPGRADING to +2 chain mail of willpower.
  5124 | D:5      | 5124 ||| DROPPING +0 chain mail.
  5125 | D:5      | 5125 ||| DROPPING +6 ring of intelligence.
  5126 | D:5      | 5126 ||| READING 3 scrolls labelled CIUNOE LEIDA.
  5127 | D:5      | 5127 ||| READING 6 scrolls of identify.
  5127 | D:5      | 5127 ||| IDENTIFYING grey potion
  5128 | D:5      | 5128 ||| READING 5 scrolls of identify.
  5128 | D:5      | 5128 ||| IDENTIFYING clear potion
  5129 | D:5      | 5129 ||| DROPPING potion of berserk rage.
  5130 | D:5      | 5130 ||| DROPPING 2 scrolls of magic mapping.
  5131 | D:5      | 5131 ||| DROPPING potion of attraction.
  5341 | D:6      | Found a staircase to the Ecumenical Temple.
  5341 | D:6      | Noticed Maggie
  5342 | D:6      | 5342 ||| Stepping ~*~*~tactically~*~*~ (hiding).
  5351 | D:6      | 5351 ||| INVOKING Berserk.
  5358 | D:6      | Killed Maggie
  5359 | D:6      | Reached skill level 8 in Axes
  5363 | D:6      | HP: 10/49 [wight/+0 great sword (12)]
  5364 | D:6      | 5364 ||| READING 4 scrolls of teleportation.
  5365 | D:6      | 5365 ||| DRINKING 2 potions of heal wounds.
  5390 | D:6      | 5390 ||| FLEEEEING.
  5391 | D:6      | 5391 ||| FLEEEEING.
  5392 | D:6      | 5392 ||| FLEEEEING.
  5393 | D:6      | 5393 ||| FLEEEEING.
  5394 | D:6      | 5394 ||| STAIRDANCE
  5458 | D:6      | 5458 ||| STAIRDANCE
  5624 | D:6      | Reached skill level 6 in Fighting
  5624 | D:6      | Reached XP level 9. HP: 49/55 MP: 9/9
  5624 | D:6      | 5624 ||| STAIRDANCE
  5737 | D:6      | 5737 ||| INVOKING Berserk.
  5764 | D:6      | Noticed Menkaure
  5765 | D:6      | 5765 ||| FLEEEEING.
  5766 | D:6      | 5766 ||| FLEEEEING.
  5767 | D:6      | 5767 ||| FLEEEEING.
  5775 | D:6      | Killed Menkaure
  5776 | D:6      | Reached skill level 9 in Axes
  5901 | D:6      | 5901 ||| Stepping ~*~*~tactically~*~*~ (hiding).
  6017 | D:6      | 6017 ||| DROPPING +0 flail.
  6085 | D:6      | 6085 ||| Stepping ~*~*~tactically~*~*~ (hiding).
  6086 | D:6      | 6086 ||| Stepping ~*~*~tactically~*~*~ (hiding).
  6458 | D:6      | Noticed Grinder
  6459 | D:6      | 6459 ||| Stepping ~*~*~tactically~*~*~ (hiding).
  6462 | D:6      | 6462 ||| INVOKING Trog's Hand.
  6463 | D:6      | 6463 ||| INVOKING Berserk.
  6467 | D:6      | Killed Grinder
  6708 | D:6      | 6708 ||| DROPPING +1 pair of gloves.
  6709 | D:6      | 6709 ||| READING scroll labelled VECLAM SOREC.
  6709 | D:6      | Identified a scroll of acquirement
  6709 | D:6      | 6709 ||| ACQUIRING amulet of guardian spirit
  6709 | D:6      | Acquired an amulet of guardian spirit
  6711 | D:6      | 6711 ||| UPGRADING to amulet of guardian spirit.
  6716 | D:6      | 6716 ||| READING scroll labelled WENLAN WOTWU.
  6815 | D:7      | 6815 ||| INVOKING Berserk.
  6957 | D:7      | Found a snail-covered altar of Cheibriados.
  7013 | D:7      | 7013 ||| INVOKING Berserk.
  7035 | D:7      | Reached skill level 10 in Axes
  7175 | D:7      | 7175 ||| INVOKING Berserk.
  7177 | D:7      | Reached XP level 10. HP: 64/64 MP: 10/10
  7510 | D:7      | 7510 ||| Stepping ~*~*~tactically~*~*~ (hiding).
  7513 | D:7      | 7513 ||| Stepping ~*~*~tactically~*~*~ (hiding).
  7514 | D:7      | 7514 ||| Stepping ~*~*~tactically~*~*~ (hiding).
  7515 | D:7      | 7515 ||| Stepping ~*~*~tactically~*~*~ (hiding).
  7625 | D:7      | 7625 ||| Stepping ~*~*~tactically~*~*~ (stealth).
  7646 | D:7      | 7646 ||| INVOKING Berserk.
  7665 | D:7      | Reached skill level 11 in Axes
  7671 | D:7      | Reached skill level 6 in Armour
  7672 | D:7      | HP: 14/65 [centaur warrior zombie (5)]
  7673 | D:7      | 7673 ||| READING 3 scrolls of teleportation.
  7674 | D:7      | 7674 ||| DRINKING potion of heal wounds.
  7825 | D:7      | Reached skill level 9 in Fighting
  7864 | D:7      | 7864 ||| Stepping ~*~*~tactically~*~*~ (hiding).
  7865 | D:7      | 7865 ||| Stepping ~*~*~tactically~*~*~ (hiding).
  7866 | D:7      | 7866 ||| Stepping ~*~*~tactically~*~*~ (hiding).
  8182 | D:7      | Reached XP level 11. HP: 67/71 MP: 9/11
  8342 | D:8      | 8342 ||| Stepping ~*~*~tactically~*~*~ (stealth).
  8345 | D:8      | 8345 ||| Stepping ~*~*~tactically~*~*~ (stealth).
  8349 | D:8      | 8349 ||| STAIRDANCE
  8372 | D:8      | 8372 ||| STAIRDANCE
  8391 | D:8      | 8391 ||| STAIRDANCE
  8480 | D:8      | Noticed Maurice
  8492 | D:8      | Killed Maurice
  8493 | D:8      | Reached skill level 12 in Axes
  8616 | D:8      | 8616 ||| Stepping ~*~*~tactically~*~*~ (hiding).
  8796 | D:8      | Noticed a two-headed ogre
  8797 | D:8      | 8797 ||| INVOKING Berserk.
  8802 | D:8      | Killed a two-headed ogre
  8803 | D:8      | Reached skill level 6 in Shields
  9003 | D:8      | Found a blossoming altar of Fedhas.
  9037 | D:8      | 9037 ||| INVOKING Berserk.
  9057 | D:8      | 9057 ||| Stepping ~*~*~tactically~*~*~ (stealth).
  9060 | D:8      | 9060 ||| Stepping ~*~*~tactically~*~*~ (stealth).
  9081 | D:8      | Reached ***** piety under Trog
  9086 | D:8      | 9086 ||| FLEEEEING.
  9087 | D:8      | 9087 ||| FLEEEEING.
  9154 | D:8      | 9154 ||| FLEEEEING.
  9155 | D:8      | 9155 ||| FLEEEEING.
  9156 | D:8      | 9156 ||| FLEEEEING.
  9428 | D:8      | 9428 ||| Stepping ~*~*~tactically~*~*~ (stealth).
  9429 | D:8      | 9429 ||| Stepping ~*~*~tactically~*~*~ (stealth).
  9430 | D:8      | 9430 ||| Stepping ~*~*~tactically~*~*~ (stealth).
  9478 | D:8      | 9478 ||| Stepping ~*~*~tactically~*~*~ (hiding).
  9483 | D:8      | 9483 ||| Stepping ~*~*~tactically~*~*~ (hiding).
  9488 | D:8      | 9488 ||| INVOKING Berserk.
  9509 | D:8      | Noticed a boulder beetle
  9519 | D:8      | Noticed Joseph
  9523 | D:8      | HP: 11/71 [boulder beetle (9)]
  9524 | D:8      | 9524 ||| READING 2 scrolls of teleportation.
  9526 | D:8      | Slain by a wight

Levels and vault maps discovered:
D:1:      minmay_arrival_pointy, layout_loops_cross,
          hellmonk_ecumenical_altar_dog_temple, grunt_decor_mini_mirrors,
          minmay_hexomino_c4
D:2:      layout_loops_ring, serial_shops, nicolae_shop_advertising_works
          [nicolae_subvault_shop_adworks]
D:3:      layout_rooms, minmay_fractal_squares_gapless_5, uniq_natasha
D:4:      layout_cave_pools, vehumet_altar_wand_db, serial_shops,
          nicolae_shop_hallway_stairs, serial_rivers,
          chequers_serial_rivers_micro_a, chequers_serial_rivers_small_a,
          chequers_serial_rivers_room_b, chequers_serial_rivers_small_3,
          chequers_serial_rivers_micro_b, chequers_serial_rivers_small_b
D:5:      layout_basic, serial_shops, shop_statue, serial_curves,
          eino_curves_04, eino_curves_02, eino_curves_02
D:6:      layout_loops_corners, minmay_temple_entry_arrows,
          chequers_serial_rivers_micro_c, uniq_maggie, uniq_menkaure,
          uniq_grinder
D:7:      cheibrodos_grave_circle, layout_basic, mainiacjoe_overflow_alcove_1,
          hex_intersection, hangedman_abyss_or_decor_passed
D:8:      nzn_winding_woodlands_small [nzn_winding_woodlands_5x15_lazy_stream,
          nzn_winding_woodlands_center_pierced_h,
          nzn_winding_woodlands_5x15_sidewinder], layout_basic,
          gammafunk_temple_overflow_elements, fedhas_altar_2,
          lemuel_blue_sif_altar, minmay_statues_item, uniq_maurice, uniq_joseph

Skill      XL: |  1  2  3  4  5  6  7  8  9 10 11 |
---------------+----------------------------------+-----
Axes           | 3 4 5 6 7 8 10 11 12 | 12.0
Fighting       | 4 6 7 9 |  9.4
Shields        | 1 2 3 4 5 6 |  6.3
Armour         | 3 4 5 6 7 |  7.1
Throwing       | 1 |  1.4
Dodging        | 2 |  2.4

Action                   |  1- 3 |  4- 6 |  7- 9 | 10-12 || total
-------------------------+-------+-------+-------+-------++-------
Melee: Hand axe          |   145 |    91 |    26 |       ||   262
       Punch             |     1 |       |       |       ||     1
       War axe           |       |       |   149 |   216 ||   365
Throw: Boomerang         |       |    19 |    54 |    17 ||    90
Invok: Berserk           |     1 |     4 |     8 |     4 ||    17
       Trog's Hand       |       |       |     1 |       ||     1
  Use: Scroll            |     5 |    11 |    14 |     2 ||    32
       Potion            |     1 |       |     2 |     1 ||     4
Armor: Animal skin       |    53 |       |       |       ||    53
       Ring mail         |    17 |       |       |       ||    17
       Chain mail        |       |    53 |   119 |   240 ||   412
Dodge: Dodged            |    97 |    27 |    54 |   106 ||   284
Block: Buckler           |       |     2 |    35 |    68 ||   105

Table legend:
 A = Non-vault XP
 B = Vault XP
 C = Vault XP percentage of total XP
 D = Non-vault monster count
 E = Vault monster count
 F = Vault count percentage of total count
                 A         B        C        D         E       F
            +---------+---------+-------+---------+---------+-------
      Total |    6908 |    6362 |  47.9 |     172 |      40 |  18.9
            +---------+---------+-------+---------+---------+-------
        D:1 |      42 |      16 |  27.6 |      23 |       8 |  25.8
        D:2 |      82 |       0 |   0.0 |      18 |       0 |   0.0
        D:3 |     128 |      43 |  25.1 |      15 |       4 |  21.1
        D:4 |     437 |       2 |   0.5 |      28 |       1 |   3.4
        D:5 |     848 |       0 |   0.0 |      25 |       0 |   0.0
        D:6 |    1390 |     838 |  37.6 |      20 |       3 |  13.0
        D:7 |    1587 |    4301 |  73.0 |      21 |      13 |  38.2
        D:8 |    2394 |    1162 |  32.7 |      22 |      11 |  33.3
            +---------+---------+-------+---------+---------+-------
